 Dungeon Crawl Stone Soup version 0.31-a0-1165-g196b491b36 (webtiles) character file.

Game seed: 8640653987444985238

68774 Pug the Warrior (level 15, -10/134 HPs)
             Began as a Formicid Fighter on Dec 8, 2023.
             Was a High Priest of Okawaru.
             Mangled by a balrug
             ... wielding a +2 demon whip of venom
              (14 damage)
             ... on level 1 of the Orcish Mines on Dec 10, 2023.
             The game lasted 02:43:38 (22837 turns).

Pug the Warrior (Formicid Fighter)                 Turns: 22837, Time: 02:43:39

Health: -10/134    AC: 22    Str: 29    XL:     15   Next: 71%
Magic:  20/21      EV: 19    Int:  7    God:    Okawaru [*****.]
Gold:   2059       SH:  7    Dex: 13    Spells: 14/14 levels left

rFire   + . .        z - +5 battleaxe
rCold   . . .        c - +0 buckler
rNeg    . . .        i - +2 chain mail {Will+}
rPois   .            (helmet unavailable)
rElec   .            N - +2 cloak
rCorr   .            e - +0 pair of gloves
SInv    +            T - +1 pair of boots
Will    ++...        B - amulet of faith Stlth
                     m - +5 ring of evasion
HPRegen 0.42/turn    K - ring of protection from fire
MPRegen 0.17/turn

%: faith
@: lethally poisoned (-10 -> -19), heroic
A: permanent stasis, dig shafts and tunnels, antennae 3, four strong arms
a: Dig, Shaft Self, Renounce Religion, Heroism, Finesse, Duel


You were on level 1 of the Orcish Mines.
You worshipped Okawaru.
Okawaru was extremely pleased with you.
You visited 4 branches of the dungeon, and saw 19 of its levels.

You collected 2797 gold pieces.
You spent 738 gold pieces at shops.

Inventory:

Hand Weapons
 z - a +5 battleaxe (weapon)
 S - a +3 demon trident of freezing
Missiles
 a - 9 atropa-tipped darts
 j - 17 silver javelins (quivered)
 y - 4 throwing nets
 L - 39 poisoned darts
Armour
 c - a +0 buckler (worn)
 e - a +0 pair of gloves (worn)
 i - a +2 chain mail of willpower (worn)
 s - a scarf of shadows
 v - +0 fire dragon scales
 A - a +2 robe of positive energy
 F - +0 acid dragon scales
 N - a +2 cloak (worn)
 T - a +1 pair of boots (worn)
 U - a +2 robe of cold resistance
Jewellery
 h - an amulet of regeneration
 m - a +5 ring of evasion (left hand)
 o - a +6 ring of strength
 B - an amulet of faith (around neck)
 D - a ring of ice
 H - a ring of willpower
 I - a ring of flight
 K - a ring of protection from fire (right hand)
 O - an amulet of guardian spirit
Wands
 b - a wand of polymorph (8)
 w - a wand of paralysis (7)
 E - a wand of iceblast (2)
 J - a wand of flame (22)
 P - a wand of digging (11)
 Q - a wand of mindburst (28)
 Z - a wand of light (5)
Scrolls
 l - 6 scrolls of enchant weapon
 q - a scroll of noise
 t - a scroll of immolation
 u - a scroll of silence
 C - 3 scrolls of fear
 Y - a scroll of revelation
Potions
 d - 2 potions of might
 f - 3 potions of mutation
 k - 3 potions of brilliance
 n - 2 potions of invisibility
 p - a potion of heal wounds
 r - 3 potions of ambrosia
 x - 3 potions of curing
 V - 2 potions of cancellation
 W - a potion of lignification
 X - a potion of resistance
Miscellaneous
 g - a phial of floods


   Skills:
 - Level 17.4(22.4) Fighting
 - Level 16.6(21.6) Axes
 + Level 8.6(13.6) Armour
 + Level 8.1(13.1) Dodging
 - Level 7.0(12.0) Shields
 - Level 8.0 Invocations


You had 14 spell levels left.
You didn't know any spells.
Your spell library contained the following spells:

 Spells                   Type           Power      Damage    Failure   Level
 Apportation              Tloc           0%         N/A       83%         1
 Kiss of Death            Conj/Necr      0%         2d5       83%         1
 Sandblast                Erth           0%         2d4       83%         1
 Slow                     Hex            0%         N/A       83%         1
 Jinxbite                 Hex            0%         N/A       93%         2
 Passwall                 Tmut/Erth      0%         N/A       93%         2
 Confusing Touch          Hex            0%         N/A       99%         3
 Stone Arrow              Conj/Erth      0%         3d7       99%         3
 Anguish                  Hex/Necr       0%         N/A       100%        4
 Brom's Barrelling Bould  Conj/Erth      0%         2d3       100%        4
 Cause Fear               Hex            0%         N/A       100%        4
 Dispel Undead            Necr           0%         3d6       100%        4
 Fulminant Prism          Conj/Hex       0%         3d5       100%        4
 Leda's Liquefaction      Hex/Erth       0%         N/A       100%        4
 Alistair's Intoxication  Tmut/Pois      0%         N/A       100%        5
 Arcjolt                  Conj/Air       0%         1d10      100%        5
 Fireball                 Conj/Fire      0%         3d3       100%        5
 Lee's Rapid Deconstruct  Erth           0%         3d4*      100%        5
 Bombard                  Conj/Erth      0%         9d1       100%        6
 Plasma Beam              Fire/Air       0%         2x1d10    100%        6
 Enfeeble                 Hex            0%         N/A       100%        7
 Chain Lightning          Conj/Air       0%         N/A       100%        9
 Fire Storm               Conj/Fire      0%         5d1       100%        9
 Shatter                  Erth           0%         3d5*      100%        9
 Vhi's Electric Charge    Tloc/Air       Unusable   N/A       N/A         4
 Dragon's Call            Summ           Unusable   N/A       N/A         9

Dungeon Overview and Level Annotations

Branches:
Dungeon (11/15)            Temple (1/1) D:7            Lair (5/5) D:8
  Swamp (0/4) Lair:3        Snake (0/4) Lair:2        Slime (0/5) Lair:4
    Orc (2/2) D:9             Elf (0/3) Orc:2

Altars:
Ashenzari
Cheibriados
Dithmenos
Elyvilon
Fedhas
Gozag
Hepliaklqana
Kikubaaqudgha
Makhleb
Nemelex Xobeh
Okawaru
Qazlal
Ru
Sif Muna
Trog
Uskayaw
Vehumet
Wu Jian
Xom
Yredelemnul
Zin
The Shining One

Shops:
D:1 (   D:8 *?   D:11 [   Orc:1 !*   Orc:2 **=!


Innate Abilities, Weirdness & Mutations

You cannot be hasted, slowed, berserked, paralysed or teleported.
You can dig through walls and to a lower floor.
You have a pair of large antennae on your head. (SInv)
Your four strong arms can wield two-handed weapons with a shield.


Message History

The balrug is heavily wounded.
You feel sick.
The balrug hits you with a +2 demon whip of venom!
You are engulfed in flames!
You resist.
You are more poisoned.
You closely miss the balrug.
The balrug is heavily wounded.
You feel sick.
You slash the balrug!
The balrug is severely wounded.
You feel very sick.
The balrug hits you with a +2 demon whip of venom.
You are engulfed in flames!
You resist.
* * * LOW HITPOINT WARNING * * *
You are more poisoned.
Aiming: Mindburst
Press: ? - help, Q - select action, (/) - cycle Shift-Dir - straight line, f - balrug
Aim: a balrug, wielding a +2 demon whip of venom (severely wounded, chance to affect: 0%)
Okay, then.
Aiming: Polymorph
Press: ? - help, Q - select action, (/) - cycle Shift-Dir - straight line, f - balrug
Aim: a balrug, wielding a +2 demon whip of venom (severely wounded, will become a blizzard demon, a cacodemon, or a sun demon, chance to affect: 0%)
Okay, then.
You feel better.
The balrug hits you with a +2 demon whip of venom!
* * * LOW HITPOINT WARNING * * *
You are engulfed in flames!
You resist.
* * * LOW HITPOINT WARNING * * *
You are poisoned.
Okay, then.
You feel very sick. The balrug gestures at you. The bolt of fire hits you!
You resist.
* * * LOW HITPOINT WARNING * * *
The balrug completely misses you.
You begin to dig a shaft.
You continue digging a shaft.
* * * LOW HITPOINT WARNING * * *
You feel very sick.
The balrug hits you with a +2 demon whip of venom!
You die...

##.#....≈######'######≈...##
#####...≈#8.........8#≈....#
##.##....≈#...........#≈...##
#........≈#...#####...#≈.###
##.##....≈##'##.∩.##'##≈.#
#####...≈≈#.##.).##.#≈≈##
###...#≈#.##...##.#≈##
##.##.#≈≈#.###2###.#≈≈#
#......≈##'#⌠.@.⌠#'##≈#
##....#≈#...........#≈#
##..##≈#8...^8....8#≈#
#####≈######>######≈#
#≈≈≈≈≈≈###≈≈≈≈≈≈#
######≈≈≈≈≈###### #######


You could see a balrug.

Vanquished Creatures
  Azrael (Orc:2)
  The ghost of Foishes the Slicer, a journeyman OpEn of Vehumet (Lair:3)
  A fire dragon (Lair:5)
  Fannar (Lair:2)
  4 hydras
  Harold (D:9)
  3 ogre magi (Orc:2)
  8 two-headed ogres
  Urug (Lair:4)
  5 orc high priests
  Sonja (Orc:1)
  2 skysharks (Lair:5)
  A fire crab (Lair:5)
  3 orc knights
  2 orc sorcerers
  A salamander (Lair:2)
  Joseph (D:8)
  4 kobold blastminers
  21 elephants
  3 molten gargoyles (Lair:5)
  5 orange demons (D:10)
  4 black mambas
  A gargoyle (D:10)
  A torpor snail (Lair:4)
  7 cane toads
  An unseen horror (D:11)
  3 rime drakes
  15 komodo dragons
  A kobold demonologist (D:9)
  2 red devils (D:10)
  4 trolls
  6 polar bears
  2 hornets
  3 blink frogs (Lair:3)
  11 dream sheep (Lair:5)
  Sigmund (D:5)
  2 spriggans (Lair:3)
  31 yaks
  A wraith (D:11)
  8 wyverns
  5 fire elementals (Orc:2)
  A fire bat (D:6)
  6 steam dragons
  11 basilisks
  13 wargs
  15 water moccasins
  2 acid dragons
  2 nagas (Lair:2)
  7 hell hounds
  5 black bears
  3 ice beasts
  5 sky beasts
  11 orc warriors
  A boggart (Lair:3)
  14 ogres
  19 wolves
  A centaur (D:11)
  A phantom (D:6)
  3 kobold brigands
  11 bullfrogs
  6 scorpions
  A gnoll sergeant (D:7)
  11 wights
  9 killer bees
  A jelly (D:8)
  2 electric eels (Lair:3)
  7 howler monkeys
  6 lava snakes
  7 hounds
  21 orc priests
  4 iguanas
  14 orc wizards
  7 gnolls
  8 adders
  A shadow imp (D:8)
  A white imp (D:8)
  6 ufetubi
  2 worms (D:5)
  3 dart slugs
  68 orcs
  3 bats
  3 endoplasms
  6 giant cockroaches
  7 goblins
  5 hobgoblins
  4 jackals (D:3)
  21 kobolds
  3 quokkas
  6 ball pythons
  2 frilled lizards
  4 rats
  2 butterflies
561 creatures vanquished.

Vanquished Creatures (others)
  An orc (Orc:1)
1 creature vanquished.

Grand Total: 562 creatures vanquished

Notes
Turn   | Place    | Note
-------+----------+-------------------------------------------
     0 | D:1      | Pug the Formicid Fighter began the quest for the Orb.
     0 | D:1      | Reached XP level 1. HP: 18/18 MP: 1/1
   228 | D:1      | Reached XP level 2. HP: 24/24 MP: 2/2
   254 | D:1      | Found Hezyasor's Weapon Shop.
   472 | D:1      | Reached XP level 3. HP: 27/30 MP: 3/3
   616 | D:2      | Found an opulent altar of Gozag.
   779 | D:2      | Reached skill level 4 in Fighting
  1369 | D:3      | Reached skill level 1 in Dodging
  1369 | D:3      | Reached XP level 4. HP: 30/37 MP: 4/4
  1429 | D:3      | Found a blossoming altar of Fedhas.
  1995 | D:4      | Reached XP level 5. HP: 42/42 MP: 5/5
  2099 | D:4      | Found a hide-covered altar of Uskayaw.
  2130 | D:4      | You fall into a shaft and drop 3 floors!
  2267 | D:7      | Noticed a water moccasin
  2273 | D:7      | Noticed a water moccasin
  2293 | D:5      | Entered Level 5 of the Dungeon
  2298 | D:5      | You fall into a shaft and drop 1 floor!
  2509 | D:6      | Reached XP level 6. HP: 17/49 MP: 6/6
  2758 | D:6      | Reached skill level 5 in Fighting
  2839 | D:5      | Reached skill level 5 in Axes
  2839 | D:5      | Reached XP level 7. HP: 13/56 MP: 7/7
  2998 | D:5      | Noticed Sigmund
  3010 | D:5      | Killed Sigmund
  3011 | D:5      | Reached skill level 6 in Fighting
  3083 | D:5      | Reached XP level 8. HP: 48/65 MP: 8/8
  3178 | D:5      | Reached skill level 7 in Fighting
  3276 | D:5      | Found a sacrificial altar of Ru.
  3521 | D:5      | Found an opulent altar of Gozag.
  3603 | D:5      | Found a shimmering altar of Xom.
  4425 | D:6      | Reached skill level 5 in Shields
  4425 | D:6      | Reached XP level 9. HP: 58/73 MP: 9/9
  4735 | D:6      | Noticed Maggie
  4748 | D:6      | Maggie changed into Maggie the fire bat
  4748 | D:6      | Noticed Maggie
  4752 | D:6      | Killed Maggie the fire bat
  5149 | D:7      | Reached skill level 8 in Fighting
  5369 | D:7      | Found a staircase to the Ecumenical Temple.
  5782 | D:7      | Got Sif Muna's Volume of Charms
  5821 | D:7      | Noticed a hornet
  5834 | D:7      | Killed a hornet
  5835 | D:7      | Reached XP level 10. HP: 71/82 MP: 10/10
  6088 | Temple   | Entered the Ecumenical Temple
  6113 | Temple   | Became a worshipper of Warmaster Okawaru
  6268 | D:8      | Found Riewiola's Magic Scroll Shop.
  6289 | D:8      | Noticed Joseph
  6299 | D:8      | Killed Joseph
  6318 | D:8      | Reached skill level 9 in Fighting
  6375 | D:8      | Reached * piety under Okawaru
  6661 | D:8      | Reached skill level 10 in Axes
  6735 | D:8      | Reached ** piety under Okawaru
  6878 | D:8      | Noticed a komodo dragon
  6880 | D:8      | Reached skill level 10 in Fighting
  6913 | D:8      | Killed a komodo dragon
  7051 | D:8      | Found Utod's Assorted Antiques.
  7062 | D:8      | Bought an agate ring for 130 gold pieces
  7099 | D:8      | Found a staircase to the Lair.
  7281 | D:8      | Reached XP level 11. HP: 71/92 MP: 11/11
  7340 | D:8      | Found a bloodstained altar of Trog.
  7644 | D:9      | Found a broken altar of Ashenzari.
  8124 | D:9      | Found a staircase to the Orcish Mines.
  8133 | D:9      | Reached *** piety under Okawaru
  8158 | D:9      | Noticed Harold
  8173 | D:9      | Killed Harold
  8174 | D:9      | Reached skill level 11 in Fighting
  8580 | D:10     | Entered Level 10 of the Dungeon
  8594 | D:10     | Reached **** piety under Okawaru
  8595 | D:10     | Upgraded the game from 0.31-a0-1074-g0b22e4e0f1 to
                  | 0.31-a0-1163-gcee99d1eea
  8753 | D:10     | Noticed a two-headed ogre
  8759 | D:10     | Reached skill level 1 in Invocations
  8763 | D:10     | Killed a two-headed ogre
  8978 | D:10     | Reached skill level 12 in Fighting
  9141 | D:10     | Reached ***** piety under Okawaru
  9421 | D:10     | Reached skill level 5 in Dodging
  9809 | D:10     | Reached skill level 5 in Invocations
  9809 | D:10     | Reached XP level 12. HP: 52/102 MP: 9/15
 10902 | D:11     | Found Cheibriados's Comfort Zone.
 10904 | D:11     | Found a snail-covered altar of Cheibriados.
 11075 | D:11     | Received a gift from Okawaru
 11244 | Lair:1   | Entered Level 1 of the Lair of Beasts
 12159 | Lair:1   | Reached skill level 13 in Fighting
 12281 | Lair:1   | Received a gift from Okawaru
 13025 | Lair:2   | Noticed a six-headed hydra
 13039 | Lair:2   | Killed a six-headed hydra
 13086 | Lair:2   | Reached XP level 13. HP: 83/111 MP: 17/19
 13091 | Lair:2   | Received a gift from Okawaru
 13615 | Lair:2   | Found a staircase to the Snake Pit.
 13631 | Lair:2   | Reached skill level 14 in Fighting
 13896 | Lair:2   | Noticed Fannar
 14557 | Lair:2   | Killed Fannar
 14716 | Lair:2   | Received a gift from Okawaru
 14791 | Lair:3   | Reached skill level 15 in Fighting
 14922 | Lair:3   | Noticed a five-headed hydra
 14935 | Lair:3   | Killed a five-headed hydra
 15095 | Lair:3   | Found a staircase to the Swamp.
 15111 | Lair:2   | Received a gift from Okawaru
 15233 | Lair:2   | HP: 5/116 [poisoned by a cane toad]
 15758 | Lair:3   | Reached skill level 15 in Axes
 15833 | Lair:3   | Found a runed translucent door.
 15834 | Lair:3   | Noticed Foishes's ghost (journeyman OpEn)
 15837 | Lair:3   | Identified the +2 spear "Gatoug" {heavy, Drain Str+2 Dex+4}
 15853 | Lair:3   | Killed Foishes's ghost
 15863 | Lair:3   | Reached XP level 14. HP: 106/124 MP: 13/20
 16055 | Lair:4   | Noticed Urug
 16115 | Lair:4   | Found a staircase to the Slime Pits.
 16424 | Lair:4   | Reached skill level 16 in Fighting
 16760 | Lair:4   | Killed Urug
 17010 | Lair:4   | Received a gift from Okawaru
 17396 | Lair:5   | Entered Level 5 of the Lair of Beasts
 18081 | Lair:5   | Received a gift from Okawaru
 18340 | Lair:5   | Reached skill level 17 in Fighting
 18853 | Lair:5   | Found a large runed translucent door.
 18854 | Lair:5   | Found a large runed translucent door.
 18878 | Lair:5   | Received a gift from Okawaru
 19673 | Orc:1    | Entered Level 1 of the Orcish Mines
 19678 | D:9      | Upgraded the game from 0.31-a0-1163-gcee99d1eea to
                  | 0.31-a0-1165-g196b491b36
 19831 | D:9      | Reached XP level 15. HP: 22/134 MP: 18/21
 20195 | Orc:1    | Found Zycihe's Distillery.
 20215 | Orc:1    | Found a runed translucent door.
 20218 | Orc:1    | Noticed a balrug
 20399 | Orc:2    | Entered Level 2 of the Orcish Mines
 20516 | Orc:2    | Found a staircase to the Elven Halls.
 20696 | Orc:2    | Reached skill level 5 in Armour
 20726 | Orc:2    | Received a gift from Okawaru
 20859 | Orc:2    | Found Waus Joz's Jewellery Shop.
 20883 | Orc:2    | Found Eragruf's Distillery.
 20919 | Orc:2    | Received a gift from Okawaru
 21015 | Orc:2    | Found Elloi's Assorted Antiques.
 21016 | Orc:2    | Found Cuhemyrr's General Store.
 21036 | Arena    | Entered the Arena
 21252 | Orc:2    | Noticed Azrael
 21277 | Orc:2    | Killed Azrael
 21417 | Orc:2    | Bought a scroll labelled XIFUFU HOISI for 32 gold pieces
 21417 | Orc:2    | Acquired 1114 gold pieces
 21499 | Orc:2    | Bought a +6 ring of strength for 576 gold pieces
 22303 | Orc:2    | Received a gift from Okawaru
 22458 | Orc:1    | Noticed Sonja
 22467 | Orc:1    | Killed Sonja
 22600 | Orc:1    | Found Osomaept's CLEARANCE SALE!.
 22837 | Orc:1    | HP: 4/134 [poisoned by a balrug]
 22837 | Orc:1    | Mangled by a balrug

Illustrated notes

Levels and vault maps discovered:
D:1:      wander_arrival_peaceful_grave, layout_basic, serial_shops, shop
D:2:      layout_loops_corners, basic_altar
D:3:      layout_loops_ring, fedhas_altar_1
D:4:      layout_loops_ring, mainiacjoe_overflow_tiny_flanked,
          kennysheep_doodads
D:5:      layout_rooms, nicolae_ru_awakened_eye,
          mainiacjoe_overflow_concentric_impassable, nicolae_gozag_seed_capital,
          cheibrodos_sewer_entry_sluice, uniq_sigmund
D:6:      layout_basic, uniq_maggie
D:7:      layout_rooms, temple_statues, grunt_ministairs_13
D:8:      layout_gridville, trog_three_pillars_becter,
          due_lair_maze_entry_diamond, serial_shops, shop_fountains,
          nicolae_shop_real_fake_doors, hangedman_misty_isle, uniq_joseph
D:9:      layout_loops_cross, kennysheep_mini_moat, minmay_orc_entry_guard_dogs,
          kennysheep_generic_room_12, uniq_harold
D:10:     layout_layer_cave, nicolae_lava_and_water, st_stairs_10,
          minmay_beelzebubs_servants
D:11:     layout_basic, minmay_shop_chei
Temple:   regret_index_temple_waves
Lair:1:   layout_chaotic_city, lemuel_old_faithful, grunt_megastairs_4,
          infiniplex_staircase_pool
Lair:2:   layout_regular_city, alex1729_snake_entry_snake,
          small_statue_intersection, uniq_fannar
Lair:3:   layout_long_grid, swamp_mist, ebering_ghost_funeral_grove,
          chequers_serial_rivers_room_a, serial_bayou_lake_a,
          lemuel_fruit_fields
Lair:4:   layout_regular_city, slime_entry_1, lemuel_fruit_tree,
          lemuel_fruit_fields, grunt_megastairs_1, uniq_urug
Lair:5:   cheibrodos_lair_end_hotspot, layout_regular_city, serial_bayou_pond_e,
          kennysheep_basilisk_garden
Orc:1:    dreamdust_dug_too_deep, layout_caves, serial_shops,
          nicolae_shop_industrial_runoff, nicolae_shop_clearance, uniq_sonja
Orc:2:    st_orc_town, layout_diamond_mine, uniq_azrael

Skill      XL: |  1  2  3  4  5  6  7  8  9 10 11 12 13 14 15 |
---------------+----------------------------------------------+-----
Fighting       | 4 5 6 7 8 10 12 13 15 17 | 17.4
Axes           | 3 4 5 6 7 9 10 12 13 15 16 | 16.6
Dodging        | 1 2 3 4 5 8 |  8.1
Armour         | 4 8 |  8.6
Shields        | 5 7 |  7.0
Invocations    | 5 8 |  8.0

Action                     |  1- 3 |  4- 6 |  7- 9 | 10-12 | 13-15 || total
---------------------------+-------+-------+-------+-------+-------++-------
  Melee: War axe           |    81 |    99 |       |       |       ||   180
         Battleaxe         |       |       |   193 |   457 |   779 ||  1429
         Demon trident     |       |       |       |     5 |    13 ||    18
  Throw: Javelin           |       |       |       |       |     3 ||     3
 Invoke: Heroism           |       |       |       |     4 |    24 ||    28
         Finesse           |       |       |       |     1 |     1 ||     2
         Duel              |       |       |       |       |     1 ||     1
Ability: Shaft Self        |       |     2 |       |       |     1 ||     3
         Dig               |       |       |       |     1 |     2 ||     3
  Evoke: Wand              |       |     2 |     3 |     7 |       ||    12
    Use: Scroll            |       |       |       |    20 |     8 ||    28
         Potion            |       |       |       |       |     1 ||     1
 Armour: Scale mail        |    55 |    65 |       |       |       ||   120
         Plate armour      |       |    75 |   124 |       |       ||   199
         Chain mail        |       |       |    76 |   400 |   537 ||  1013
  Dodge: Dodged            |    32 |    86 |   105 |   238 |   408 ||   869
  Block: Buckler           |    27 |    51 |    63 |   126 |   210 ||   477

Table legend: (Time is in decaauts)
 A = Elapsed time spent in this place.
 B = Non-inter-level travel time spent in this place.
 C = Inter-level travel time spent in this place.
 D = Time resting spent in this place.
 E = Time spent auto-exploring this place.
 F = Levels seen in this place.
 G = Mean time per level.
                   A        B        C        D        E       F      G
               +--------+--------+--------+--------+--------+-----+--------+
         Total |  22931 |  22224 |    707 |   2330 |  13933 |  20 | 1146.6 |
       Dungeon |  12510 |  12164 |    346 |    973 |   8154 |  11 | 1137.3 |
        Temple |     44 |     44 |      0 |      0 |      0 |   1 |   44.0 |
          Lair |   7739 |   7461 |    278 |    764 |   4941 |   5 | 1547.8 |
  Orcish Mines |   2630 |   2548 |     82 |    593 |    838 |   2 | 1315.0 |
         Arena |      6 |      6 |      0 |      0 |      0 |   1 |    6.0 |
               +--------+--------+--------+--------+--------+-----+--------+

Top non-repeatable levels by time:
    D:10: 2323 daAuts
  Lair:2: 2116 daAuts
  Lair:5: 2098 daAuts
     D:8: 2063 daAuts
   Orc:2: 1974 daAuts
     D:9: 1492 daAuts
  Lair:1: 1320 daAuts
  Lair:4: 1284 daAuts
     D:6: 1262 daAuts
     D:7: 1209 daAuts
     D:5: 1007 daAuts
  Lair:3: 919 daAuts
     D:2: 796 daAuts
     D:4: 784 daAuts
     D:3: 719 daAuts
